 Dungeon Sprint DCSS version 0.17-a0-2024-gc284f19 (webtiles) character file.

60 Ordine the Sneak (level 3, -3/16 HPs)
             Began as a Spriggan Enchanter on Oct 9, 2015.
             Splashed by an oklob sapling priest's acid (8 damage)
             ... in the Dungeon (Sprint IV: "Fedhas' Mad Dash").
             The game lasted 00:02:05 (438 turns).

Ordine the Sneak (Spriggan Enchanter)                Turns: 438, Time: 00:02:08

Health: -3/16      AC:  0    Str:  4    XL:     3   Next: 80%
Magic:  8/8        EV: 18    Int: 17    God:
Gold:   33         SH:  0    Dex: 16    Spells: 2 memorised, 4 levels left

rFire  . . .     SeeInvis +     a - +1 dagger
rCold  . . .     Clarity  .     b - +2 robe
rNeg   . . .     SustAt   .     (shield restricted)
rPois  .         Gourm    .     (helmet restricted)
rElec  .         Spirit   .     (no cloak)
rCorr  .         Warding  .     (gloves unavailable)
rMut   .         NoTele   +     (boots unavailable)
MR     .....                    (no amulet)
Stlth  ++++......               (no ring)
                                k - ring of invisibility (curse)

@: corroded equipment, very quick, not resistant to hostile enchantments,
stealthy
A: unfitting armour, see invisible, herbivore 3, speed 3, slow metabolism 2
a: Evoke Invisibility


You were in the Dungeon.
You were not hungry.

You visited 1 branch You collected 33 gold pieces.

Inventory:

Hand Weapons
 a - a +1 dagger (weapon)
Armour
 b - a +2 robe (worn)
Jewellery
 k - a cursed ring of invisibility (left hand)
Scrolls
 j - a scroll of blinking
Potions
 e - a potion of curing
 f - a potion of heal wounds
 g - a potion of haste
 h - 2 potions of magic
 i - a potion of berserk rage
Books
 c - a book of Maledictions

   Spells                             Type                      Level
   a - Corona                         Hexes                        1
   b - Ensorcelled Hibernation        Hexes/Ice                    2
   c - Confuse                        Hexes                        3
   d - Tukima's Dance                 Hexes                        3
   e - Dazzling Spray                 Conjuration/Hexes            3
Comestibles
 d - a bread ration


   Skills:
 - Level 6.9 Short Blades
 - Level 3.0 Dodging
 + Level 7.6 Stealth
 - Level 2.6 Spellcasting
 - Level 3.6 Hexes


You had 4 spell levels left.
You knew the following spells:

 Your Spells              Type           Power        Failure   Level  Hunger
a - Corona                Hex            ##.....      4%          1    #......
b - Ensorcelled Hibernat  Hex/Ice        #.....       17%         2    ##.....


Dungeon Overview and Level Annotations

Branches:
Dungeon (1/1)

Altars:
Cheibriados
Dithmenos
Elyvilon
Gozag
Kikubaaqudgha
Makhleb
Nemelex Xobeh
Okawaru
Ru
Sif Muna
Trog
Vehumet
Xom
Yredelemnul
Zin
The Shining One
Beogh
Jiyva
Lugonu

Annotations:
D exclusion: oklob sapling


Innate Abilities, Weirdness & Mutations

You are tiny and cannot use many weapons and most armour.
You have supernaturally acute eyesight.
You are a herbivore.
You cover ground extremely quickly.
You need consume almost no food.


Message History

Marking area around the oklob sapling priest as unsafe for travelling.
An oklob sapling priest comes into view.
Found nine altars.
Unknown command.
Found a burning altar of Makhleb and a sacrificial altar of Ru.
There is an open door here.
Found two altars.
Found a shadowy altar of Dithmenos.
There is a snail-covered altar of Cheibriados here.
Found an iron altar of Okawaru and a shimmering altar of Xom.
Found an opulent altar of Gozag.
There is a glowing silver altar of Zin here.
Found a basalt altar of Yredelemnul and a roughly hewn altar of Beogh.
You hit the oklob sapling priest but do no damage.
The oklob sapling priest spits acid at you.
The splash of acid hits you!
Ouch! That really hurt!
The acid corrodes you!
The acid burns!
Ouch! That really hurt!
You die...

########################
.....#.....#.⌠.........⌠
.(...'.#.(.'._._@_._._._
.....#.#...#_._._P_._._.
#########+##._._._._._._
#.⌠...._....⌠
#############


You could see an oklob sapling priest.

Vanquished Creatures
  An oklob sapling (D)
  A worker ant (D)
  A river rat (D)
  A rat (D)
4 creatures vanquished.

Notes
Turn   | Place    | Note
--------------------------------------------------------------
     0 | D        | Ordine the Spriggan Enchanter began the quest for the Orb.
     0 | D        | Reached XP level 1. HP: 9/9 MP: 5/5
    38 | D        | Reached XP level 2. HP: 2/13 MP: 6/6
   404 | D        | Noticed an oklob sapling
   406 | D        | Killed an oklob sapling
   406 | D        | Reached skill level 6 in Short Blades
   406 | D        | Reached XP level 3. HP: 16/16 MP: 8/8
   410 | D        | Learned a level 2 spell: Ensorcelled Hibernation
   412 | D        | Noticed a worker ant
   414 | D        | Killed a worker ant
   414 | D        | Reached skill level 7 in Stealth
   431 | D        | Found a snail-covered altar of Cheibriados.
   431 | D        | Found a glowing silver altar of Zin.
   431 | D        | Found a white marble altar of Elyvilon.
   431 | D        | Found a viscous altar of Jiyva.
   431 | D        | Found a radiant altar of Vehumet.
   431 | D        | Found a deep blue altar of Sif Muna.
   431 | D        | Found an ancient bone altar of Kikubaaqudgha.
   431 | D        | Found a bloodstained altar of Trog.
   431 | D        | Found a corrupted altar of Lugonu.
   431 | D        | Noticed an oklob sapling priest
   432 | D        | Found a burning altar of Makhleb.
   432 | D        | Found a sacrificial altar of Ru.
   433 | D        | Found a glowing golden altar of the Shining One.
   433 | D        | Found a sparkling altar of Nemelex Xobeh.
   434 | D        | Found a shadowy altar of Dithmenos.
   435 | D        | Found an iron altar of Okawaru.
   435 | D        | Found a shimmering altar of Xom.
   436 | D        | Found an opulent altar of Gozag.
   437 | D        | Found a basalt altar of Yredelemnul.
   437 | D        | Found a roughly hewn altar of Beogh.
   438 | D        | Splashed by an oklob sapling priest's acid

Vault maps used:
D:        dungeon_sprint_fedhas

Action                   || total
-------------------------++-------
Melee: Dagger            ||    32
  Use: Scroll            ||     1
 Stab: Sleeping          ||     2
